 Dungeon Crawl Stone Soup version 0.20-a0-641-g673355a (webtiles) character file.

15430 Angani the Fighter (level 12, 0/95 HPs)
             Began as a Mummy Monk on Feb 13, 2017.
             Was a High Priest of Nemelex Xobeh.
             Slain by a komodo dragon (6 damage)
             ... on level 2 of the Lair of Beasts.
             The game lasted 00:50:27 (17865 turns).

Angani the Fighter (Mummy Monk)                    Turns: 17865, Time: 00:50:28

Health: 0/95       AC: 12    Str: 29    XL:     12   Next: 1%
Magic:  21/21      EV: 15    Int: 14    God:    Nemelex Xobeh [*****.]
Gold:   404        SH:  7    Dex: 18    Spells: 3/23 levels left

rFire    . . .     SeeInvis .   K - +9 morningstar "Cairoapn" {crush, rN+ Str+4}
rCold    + + .     Gourm    .   D - +1 robe of the Tick {rC++ rN+ Int+3 Dex+4}
rNeg     + + +     Faith    .   m - +1 buckler {reflect}
rPois    ∞         Spirit   .   l - +2 helmet
rElec    .         Reflect  +   (no cloak)
rCorr    .         Harm     .   w - +1 pair of gloves {Str+3}
MR       +....                  G - +2 pair of boots
Stlth    ++........             y - +2 amulet of reflection
Regen    0.3/turn               H - ring "Vecefi" {rF+ rC- Str+4}
MPRegen  0.2/turn               F - ring of wizardry

@: no status effects
A: no food or potions, fire vulnerability, cold resistance 1, negative energy
resistance 3, torment resistance, unbreathing
a: Triple Draw, Deal Four, Stack Five, Renounce Religion


You were on level 2 of the Lair of Beasts.
You worshipped Nemelex Xobeh.
Nemelex Xobeh was extremely pleased with you.
You were not hungry.

You visited 3 branches of the dungeon, and saw 14 of its levels.
You also visited: Ice Cave.

You collected 816 gold pieces.
You spent 412 gold pieces at shops.

Inventory:

Hand Weapons
 a - a +0 falchion
 i - a +2 dagger of protection
 K - the +9 morningstar "Cairoapn" (weapon) {crush, rN+ Str+4}
   (You found it in an ice cave)

   It inflicts extra damage upon your enemies.
   It affects your strength (+4).
   It protects you from negative energy.
Armour
 l - a +2 helmet (worn)
 m - a +1 buckler of reflection (worn)
 w - a +1 pair of gloves of strength (worn)
 D - the +1 robe of the Tick (worn) {rC++ rN+ Int+3 Dex+4}
   (You bought it in a shop on level 9 of the Dungeon)

   It affects your intelligence (+3).
   It affects your dexterity (+4).
   It greatly protects you from cold.
   It protects you from negative energy.
 G - a +2 pair of boots (worn)
Jewellery
 j - an uncursed ring of flight
 p - an uncursed ring of ice
 r - an uncursed amulet of guardian spirit
 y - a +2 amulet of reflection (around neck)
 F - a ring of wizardry (left hand)
 H - the ring "Vecefi" (right hand) {rF+ rC- Str+4}
   (You found it on level 10 of the Dungeon)

   [ring of protection from fire]

   It affects your strength (+4).
   It protects you from fire.
   It makes you vulnerable to cold.
Wands
 k - a wand of flame (9/48)
 q - a wand of lightning (0/15)
 u - a wand of polymorph (4/24)
 v - a wand of clouds (0/9)
 A - a wand of iceblast (0/15)
 C - a wand of acid (0/15)
 I - a wand of lightning (0/15)
Scrolls
 b - 4 scrolls of teleportation
 c - a scroll of enchant weapon
 d - a scroll of magic mapping
 e - 4 scrolls of recharging
 f - 2 scrolls of fear
 g - a scroll of identify
 o - 5 scrolls of remove curse
 t - 2 scrolls of blinking
 x - 3 scrolls of amnesia
Books
 J - a book of Power

   Spells                             Type                      Level
   a - Iskenderun's Battlesphere      Conjuration/Charms           5
   b - Venom Bolt                     Conjuration/Poison           5
   c - Bolt of Magma                  Conjuration/Fire/Earth       5
   d - Iron Shot                      Conjuration/Earth            6
   e - Orb of Destruction             Conjuration                  7
   f - Spellforged Servitor           Conjuration/Summoning        7
Miscellaneous
 h - an ornate deck of escape {drawn: 2}
 s - an ornate deck of escape {drawn: 2}
 z - a plain deck of escape {drawn: 1}
 B - a legendary deck of escape {drawn: 2}
 E - a lightning rod (inert)


   Skills:
 - Level 9.1 Fighting
 - Level 4.8(5.1) Short Blades
 - Level 2.4(3.9) Long Blades
 + Level 2.7 Maces & Flails
 - Level 5.0 Armour
 - Level 5.0 Dodging
 - Level 1.5 Stealth
 - Level 6.0 Spellcasting
 - Level 6.0 Necromancy
 - Level 9.0 Invocations
 - Level 5.2 Evocations


You had 3 spell levels left.
You knew the following spells:

 Your Spells              Type           Power        Failure   Level  Hunger
a - Animate Skeleton      Necr           N/A          1%          1    N/A
b - Magic Dart            Conj           #...         12%         1    N/A
c - Pain                  Necr           ###.         1%          1    N/A
d - Blink                 Tloc           N/A          16%         2    N/A
e - Shroud of Golubria    Chrm/Tloc      #.........   16%         2    N/A
f - Song of Slaying       Chrm           #.......     16%         2    N/A
g - Spectral Weapon       Hex/Chrm       #.......     45%         3    N/A
h - Animate Dead          Necr           N/A          9%          4    N/A
i - Control Undead        Necr           ###.......   9%          4    N/A

Dungeon Overview and Level Annotations

Branches:
Dungeon (11/15)            Temple (1/1) D:5            Lair (2/6) D:9
 Spider (0/4) Lair:2          Orc (0/2) D:10
  Swamp: Lair:2-4    Shoals: Lair:2-4

Altars:
Elyvilon
Fedhas
Hepliaklqana
Kikubaaqudgha
Nemelex Xobeh
Okawaru
Qazlal
Ru
Trog
Uskayaw
Vehumet
Xom
Yredelemnul

Shops:
D:5 *   D:7 !   D:8 !   D:9 ?=[*[   D:10 =


Innate Abilities, Weirdness & Mutations

You do not eat or drink.
Your flesh is vulnerable to fire.
You are immune to poison.
Your flesh is cold resistant. (rC+)
You are immune to negative energy. (rN+++)
You are immune to unholy pain and torment.
You can survive without breathing.


Message History

The komodo dragon bites you!
The komodo dragon completely misses you.
You hit the komodo dragon.
The komodo dragon is almost dead.
The komodo dragon bites you!!
* * * LOW HITPOINT WARNING * * *
Unknown command.
Evoke which item? (* to show all) (? for menu, Esc to quit)
Okay, then.
Evoke which item? (* to show all) (? for menu, Esc to quit)
You draw a card...
It is the Tomb.
Walls emerge from the floor!
You block the komodo dragon's attack.
You barely miss the komodo dragon.
The komodo dragon is almost dead.
You block the komodo dragon's attack.
Evoke which item? (* to show all) (? for menu, Esc to quit)
You draw a card...
It is the Cloud.
Clouds appear around you! The komodo dragon bites you.
You die...
Your body glows slightly and disappears.

#................# ##.##
#............#...# #...#
*#................###+#'#
*.............P..###.....
**#.......#....#.######..
#........######.### ##.
##.......## #.#.###.. #.....####
#.^#..#.# #.....#@## ***##.^###.#
*#.....#l## *,,#.#^#.:.#
**......§§§# *,*###...#^#
*,##.......# **,,,##^###.
**.........# *,**,#>.#*,.
*.........# *,*,#....**. ****
*##......## **,....#.#,. **,,***
**#.......** *#....,..*.
*,,,,,***,,,,,,,,,,***#...#.*...,


You could see a komodo dragon.

Vanquished Creatures
  A hydra (Lair:2)
  A centaur warrior (D:9)
  A death yak (IceCv)
  A wolf spider (Lair:2)
  A guardian serpent (D:10)
  An ice devil (Lair:2)
  4 polar bears (IceCv)
  3 hippogriffs
  A wyvern (D:9)
  7 yaks (IceCv)
  A steam dragon (D:10)
  4 water moccasins
  A porcupine (Lair:1)
  4 orc warriors (D:10)
  A sky beast (D:6)
  A phantom (D:5)
  A necrophage (D:8)
  2 black bears
  An ice beast (D:7)
  15 wolves
  4 ogres
  The ghost of Eptagon the Skirmisher, an amateur OpFi (D:3)
  2 centaurs
  2 crocodiles (Lair:1)
  10 bullfrogs
  4 scorpions
  3 vampire bats (D:5)
  2 howler monkeys
  An electric eel (D:10)
  2 crimson imps
  2 centaur zombies
  3 hounds
  5 orc priests
  10 orc wizards
  An iguana (D:5)
  2 worker ants
  3 killer bee zombies
  A hound zombie (D:5)
  2 worker ant zombies
  A howler monkey zombie (D:6)
  11 gnolls
  4 adders
  5 shadow imps
  An ooze (D:4)
  2 adder zombies (D:7)
  An adder skeleton (D:7)
  4 worms (D:2)
  3 leopard geckos
  41 orcs
  2 bat skeletons (D:5)
  2 bat zombies (D:5)
  A giant cockroach (D:2)
  4 goblins
  9 hobgoblins
  28 jackals
  9 kobolds
  3 quokkas
  2 ball pythons
  9 bats
  4 frilled lizards
  A leopard gecko skeleton (D:8)
  A quokka zombie (D:5)
  4 rats
264 creatures vanquished.

Vanquished Creatures (collateral kills)
  A frost giant (IceCv)
  An ice statue (IceCv)
  An ice devil (Lair:2)
  A merfolk (D:9)
  7 polar bears (IceCv)
  A hornet (D:8)
  10 yaks (IceCv)
  A spriggan (IceCv)
  An ogre (D:6)
  2 centaurs
  6 wolves
  A crocodile (Lair:1)
  Blork the orc (D:4)
  3 killer bees (D:8)
  3 wights (D:8)
  2 crimson imps
  A hound (D:5)
  4 gnoll shamans
  3 orc priests
  2 orc wizards (D:5)
  An iguana (D:5)
  An adder (D:6)
  34 gnolls
  A worm (D:5)
  12 orcs
  2 giant cockroaches (D:5)
  2 jackals (D:6)
  A quokka skeleton (D:8)
106 creatures vanquished.

Vanquished Creatures (others)
  A polar bear (IceCv)
  A hog (IceCv)
  2 wolves (Lair:1)
  A wight (D:8)
  A crimson imp (D:9)
  A quokka (D:7)
7 creatures vanquished.

Grand Total: 377 creatures vanquished

Notes
Turn   | Place    | Note
-------+----------+-------------------------------------------
     0 | D:1      | Angani the Mummy Monk began the quest for the Orb.
     0 | D:1      | Reached XP level 1. HP: 18/18 MP: 1/1
   542 | D:1      | Reached XP level 2. HP: 13/24 MP: 2/2
  1326 | D:2      | Reached XP level 3. HP: 10/30 MP: 3/3
  2718 | D:3      | Noticed Eptagon's ghost (amateur OpFi)
  2874 | D:2      | Reached XP level 4. HP: 19/38 MP: 4/4
  3053 | D:3      | Killed Eptagon's ghost
  3053 | D:3      | Reached skill level 5 in Fighting
  3053 | D:3      | Reached XP level 5. HP: 33/46 MP: 5/5
  4234 | D:3      | Found a sparkling altar of Nemelex Xobeh.
  4237 | D:3      | Found an iron altar of Okawaru.
  4244 | D:3      | Became a worshipper of Nemelex Xobeh the Trickster
  4244 | D:3      | Received a gift from Nemelex Xobeh
  4244 | D:3      | Reached * piety under Nemelex Xobeh
  4244 | D:3      | Received a gift from Nemelex Xobeh
  4244 | D:3      | Reached ** piety under Nemelex Xobeh
  4308 | D:4      | Noticed an ogre
  4312 | D:4      | Killed an ogre
  4312 | D:4      | Reached skill level 1 in Armour
  4312 | D:4      | Reached XP level 6. HP: 52/52 MP: 6/6
  4802 | D:4      | Received a gift from Nemelex Xobeh
  4829 | D:4      | Noticed Blork the orc
  4834 | D:4      | Killed Blork the orc
  5060 | D:4      | Reached XP level 7. HP: 22/58 MP: 7/7
  5258 | D:4      | Received a gift from Nemelex Xobeh
  5355 | D:4      | Reached *** piety under Nemelex Xobeh
  5702 | D:5      | Entered Level 5 of the Dungeon
  5790 | D:5      | Found a hide-covered altar of Uskayaw.
  6085 | D:5      | Reached skill level 5 in Armour
  6135 | D:5      | Received a gift from Nemelex Xobeh
  6184 | D:5      | Found Odenyari's General Store.
  6187 | D:5      | Bought a scroll of blinking for 82 gold pieces
  6413 | D:5      | Reached skill level 1 in Short Blades
  6593 | D:5      | Found an ancient bone altar of Kikubaaqudgha.
  6699 | D:5      | Reached XP level 8. HP: 37/64 MP: 8/8
  6935 | D:5      | Found a staircase to the Ecumenical Temple.
  6940 | Temple   | Entered the Ecumenical Temple
  6987 | D:6      | Found a stormy altar of Qazlal.
  7016 | D:6      | Received a gift from Nemelex Xobeh
  7327 | D:6      | Reached **** piety under Nemelex Xobeh
  7434 | D:6      | Found a radiant altar of Vehumet.
  7597 | D:6      | Found a sacrificial altar of Ru.
  7687 | D:6      | Received a gift from Nemelex Xobeh
  8706 | D:6      | Reached skill level 5 in Dodging
  8880 | D:6      | Reached skill level 1 in Invocations
  9078 | D:7      | Reached XP level 9. HP: 65/69 MP: 10/10
  9470 | D:7      | Found a blossoming altar of Fedhas.
  9860 | D:7      | Found Buc Kei's Distillery.
  9914 | D:7      | Found a basalt altar of Yredelemnul.
  9943 | D:7      | Reached skill level 5 in Invocations
 10060 | D:7      | Found a white marble altar of Elyvilon.
 10638 | D:8      | Found a bloodstained altar of Trog.
 10668 | D:8      | Received a gift from Nemelex Xobeh
 10691 | D:8      | Found Hatuaju's Distillery.
 11135 | D:8      | Found a hazy altar of Hepliaklqana.
 11485 | D:9      | Found a staircase to the Lair.
 11608 | D:9      | Noticed a centaur warrior
 11635 | D:9      | Killed a centaur warrior
 11635 | D:9      | Reached XP level 10. HP: 32/76 MP: 11/16
 11884 | D:9      | Found Isoogur's Antique Armour Emporium.
 11892 | D:9      | Bought a pitted leather armour for 182 gold pieces
 11902 | D:9      | Identified the +0 leather armour of Pawnuq {Str-5 Int+4} (You bought it in a shop on level 9 of the Dungeon)
 11902 | D:9      | Bought a heavily jewelled robe for 148 gold pieces
 11912 | D:9      | Identified the cursed +1 robe of the Tick {rC++ rN+ Int+3 Dex+4} (You bought it in a shop on level 9 of the Dungeon)
 11931 | D:9      | Reached ***** piety under Nemelex Xobeh
 11956 | D:9      | Received a gift from Nemelex Xobeh
 12165 | D:9      | Found Tuaq's Armour Shoppe.
 12166 | D:9      | Found Utzeik Hamu's General Store.
 12166 | D:9      | Found Nocaiv's Jewellery Shoppe.
 12168 | D:9      | Found Rumeawosh's Magic Scroll Shoppe.
 12662 | D:10     | Entered Level 10 of the Dungeon
 12786 | D:10     | You fall through a shaft!
 12894 | D:10     | Noticed a guardian serpent
 12905 | D:10     | Killed a guardian serpent
 13064 | D:10     | Got a warped lapis lazuli ring
 13065 | D:10     | Identified the ring "Vecefi" {rF+ rC- Str+4} (You found it on level 10 of the Dungeon)
 13132 | D:10     | Got a pair of steaming boots
 13143 | D:10     | Identified the cursed +0 pair of boots of a Billion Gods {rC+ rN++ Str-2} (You found it on level 10 of the Dungeon)
 13380 | D:10     | Found a staircase to the Orcish Mines.
 13413 | D:10     | Reached skill level 5 in Spellcasting
 13582 | D:10     | Found Wipsidy's Jewellery Shop.
 13732 | D:10     | Received a gift from Nemelex Xobeh
 13899 | Lair:1   | Entered Level 1 of the Lair of Beasts
 13904 | Lair:1   | Learned a level 1 spell: Animate Skeleton
 13906 | Lair:1   | Learned a level 1 spell: Magic Dart
 13908 | Lair:1   | Learned a level 1 spell: Pain
 13911 | Lair:1   | Learned a level 2 spell: Blink
 13914 | Lair:1   | Learned a level 2 spell: Shroud of Golubria
 13917 | Lair:1   | Learned a level 2 spell: Song of Slaying
 13921 | Lair:1   | Learned a level 3 spell: Spectral Weapon
 13926 | Lair:1   | Learned a level 4 spell: Animate Dead
 13931 | Lair:1   | Learned a level 4 spell: Control Undead
 14316 | Lair:1   | Reached skill level 1 in Necromancy
 15070 | Lair:1   | Reached skill level 5 in Necromancy
 15505 | Lair:2   | Received a gift from Nemelex Xobeh
 15540 | Lair:2   | Reached XP level 11. HP: 64/81 MP: 15/20
 15608 | Lair:2   | Found a frozen archway.
 15869 | IceCv    | Entered an ice cave
 15869 | IceCv    | Received a gift from Nemelex Xobeh
 15910 | IceCv    | Reached skill level 1 in Evocations
 16255 | IceCv    | Noticed a death yak
 16291 | IceCv    | Killed a death yak
 16551 | IceCv    | Reached skill level 5 in Evocations
 17111 | IceCv    | Noticed a frost giant
 17157 | IceCv    | Killed a frost giant
 17417 | IceCv    | Got a slimy morningstar
 17418 | IceCv    | Identified the +9 morningstar "Cairoapn" {crush, rN+ Str+4} (You found it in an ice cave)
 17500 | Lair:2   | Found a hole to the Spider Nest.
 17500 | Lair:2   | Noticed a wolf spider
 17509 | Lair:2   | Killed a wolf spider
 17509 | Lair:2   | Reached skill level 1 in Maces & Flails
 17513 | Lair:2   | Noticed a four-headed hydra
 17523 | Lair:2   | Killed a four-headed hydra
 17588 | Lair:2   | Reached XP level 12. HP: 39/95 MP: 21/21
 17865 | Lair:2   | Slain by a komodo dragon

Vault maps used:
D:1:      saegor_arrival_miasma, feat_on_display
D:3:      minitemple
D:4:      first_bread, uniq_blork_the_orc
D:5:      kennysheep_vampire_church, eat_drink_and_be_merry_uskayaw,
          temple_doors_ab, serial_shops, shop, minmay_misc_feat_nine_boxes
D:6:      lemuel_castle_with_subvaults, vehumet_crystals,
          nicolae_ru_sacrificial_ziggurat, nicolae_qazlal_general_emergency
D:7:      elyvilon_altar_4, nicolae_overflow_crystal_walls,
          overflow_temple_1_default, serial_shops,
          nicolae_shop_competitors_out_of_business
D:8:      lemuel_round_altar, lemuel_round_altar, serial_shops,
          nicolae_shop_trees
D:9:      lair_entry_dummy, serial_shops, shop, hangedman_fish_farm,
          minmay_shop_grid_forest
D:10:     erik_orc_2, serial_shops, nicolae_shop_behind_doors,
          nrook_guardian_serpent_double
D:11:     basic_altar
Temple:   dpeg_chambers_temple
Lair:2:   spider_nest_entry_rubble, portal_ice_cave_demonic_guard
IceCv:    ice_cave_caverns_03

Skill      XL: |  1  2  3  4  5  6  7  8  9 10 11 |
---------------+----------------------------------+-----
Fighting       | 4 5 6 9 |  9.1
Armour         | 1 4 5 |  5.0
Short Blades   | 3 4 |  4.8
Dodging        | 5 |  5.0
Invocations    | 2 8 9 |  9.0
Spellcasting   | 6 |  6.0
Necromancy     | 5 6 |  6.0
Evocations     | 5 |  5.2
Maces & Flails | 2 |  2.7
Long Blades    | |  2.4
Stealth        | |  1.5

Action                   |  1- 3 |  4- 6 |  7- 9 | 10-12 || total
-------------------------+-------+-------+-------+-------++-------
Melee: Falchion          |   140 |       |       |       ||   140
       Dagger            |    58 |   183 |  1228 |   787 ||  2256
       Morningstar       |       |       |       |    18 ||    18
 Cast: Pain              |       |       |       |    20 ||    20
Evoke: Wand              |       |     9 |    23 |    19 ||    51
       Deck              |       |     8 |    27 |    44 ||    79
       Lightning rod     |       |       |       |     4 ||     4
  Use: Scroll            |       |       |    14 |    11 ||    25
 Stab: Distracted        |     1 |       |     1 |     5 ||     7
       Confused          |       |       |     5 |     4 ||     9
       Sleeping          |       |       |       |     2 ||     2
Armor: Robe              |    14 |       |       |   288 ||   302
       Scale mail        |    48 |    92 |   600 |       ||   740
Dodge: Dodged            |   125 |    78 |   663 |   590 ||  1456
Block: Buckler           |       |       |       |    11 ||    11
       Rpst.: Falchion   |    39 |       |       |       ||    39
